 Dungeon Crawl Stone Soup version 0.22.1-1-ga44c0e56f4 (webtiles) character file.

147340 Muumios the Basher (level 16, 0/133 HPs)
             Began as a Mummy Gladiator on Oct 11, 2018.
             Was an Initiate of Gozag.
             Slain by a halberd of flaming (19 damage)
             ... on level 2 of the Elven Halls on Oct 20, 2018.
             The game lasted 01:18:52 (35251 turns).

Muumios the Basher (Mummy Gladiator)               Turns: 35251, Time: 01:18:53

Health: 0/133      AC: 18    Str: 24    XL:     16   Next: 91%
Magic:  29/29      EV: 19    Int: 15    God:    Gozag
Gold:   321        SH:  5    Dex: 15    Spells: 29/33 levels left

rFire    + + .     SeeInvis +   w - +7 hand axe of the Last Stars {flame, rPois rC+ Str+2}
rCold    + + .     Gourm    .   (no shield)
rNeg     + + +     Faith    .   i - +1 leather armour of Iliczut {rPois rF+ MR++} (curse)
rPois    ∞         Spirit   .   c - +2 helmet
rElec    +         Reflect  +   p - +2 cloak
rCorr    +         Harm     .   K - +1 pair of gloves of Wrong Decisions {rN+ MR+ Regen+}
MR       +++++                  l - +2 pair of boots
Stlth    +++++.....             G - amulet "Cegoedad" {Reflect rN++ Int+3 Slay+3 SH+5 SInv}
HPRegen  0.72/turn              d - ring "Gig Gaxo" {+Blink rElec rF+ MR+}
MPRegen  0.21/turn              b - ring "Huokkan" {rCorr rF+ MR+ Str+4}

@: no status effects
A: no food or potions, fire vulnerability, cold resistance 1, negative energy
resistance 3, torment resistance, unbreathing, in touch with death 1
a: Potion Petition, Call Merchant, Bribe Branch, Renounce Religion, Evoke Blink


You were on level 2 of the Elven Halls.
You worshipped Gozag.
Gozag was aware of your devotion.
You were not hungry.

You visited 6 branches of the dungeon, and saw 28 of its levels.
You also visited: Bailey.

You collected 11689 gold pieces.
You spent 4703 gold pieces at shops.
You paid 6665 gold pieces to Gozag.

Inventory:

Hand Weapons
 a - a +4 flail of electrocution
 t - a +0 blowgun
 w - the +7 hand axe of the Last Stars (weapon) {flame, rPois rC+ Str+2}
   (You found it in a bailey)

   It has been specially enchanted to burn those struck by it, causing extra
   injury to most foes and up to half again as much damage against particularly
   susceptible opponents.
   Big, fiery blades are also staple armaments of hydra-hunters.
   It affects your strength (+2).
   It protects you from cold.
   It protects you from poison.
 H - the +8 arbalest of the Other Side {venom, Dex+5}
   (You found it on level 6 of the Lair of Beasts)

   It poisons the ammo it fires.
   It affects your dexterity (+5).
Missiles
 f - 4 curare-tipped needles
 q - 79 poisoned needles
Armour
 c - a +2 helmet (worn)
 i - the cursed +1 leather armour of Iliczut (worn) {rPois rF+ MR++}
   (You took it off an orc priest on level 5 of the Dungeon)

   It protects you from fire.
   It protects you from poison.
   It affects your resistance to hostile enchantments.
   It has a curse placed upon it.
 l - a +2 pair of boots (worn)
 m - the +8 plate armour of the Bard {SInv}
   (You found it in a bailey)

   It lets you see invisible.
 n - a +1 leather armour of cold resistance
 p - a +2 cloak (worn)
 F - a +0 crystal plate armour
 K - the +1 pair of gloves of Wrong Decisions (worn) {rN+ MR+ Regen+}
   (You found it on level 1 of the Snake Pit)

   It protects you from negative energy.
   It affects your resistance to hostile enchantments.
   It increases your rate of regeneration.
Jewellery
 b - the ring "Huokkan" (right hand) {rCorr rF+ MR+ Str+4}
   (You bought it in a shop on level 7 of the Dungeon)

   [ring of resist corrosion]

   It affects your strength (+4).
   It protects you from fire.
   It affects your resistance to hostile enchantments.
 d - the ring "Gig Gaxo" (left hand) {+Blink rElec rF+ MR+}
   (You bought it in a shop on level 11 of the Dungeon)

   [ring of protection from fire]

   It protects you from fire.
   It insulates you from electricity.
   It affects your resistance to hostile enchantments.
   It lets you blink.
 h - an uncursed ring of see invisible
 o - the ring "Aggamo Unodd" {Wiz +Blink rElec rN+ Str+4}
   (You bought it in a shop on level 7 of the Dungeon)

   [ring of wizardry]

   It improves your spell success rate.
   It affects your strength (+4).
   It insulates you from electricity.
   It protects you from negative energy.
   It lets you blink.
 r - an uncursed ring of flight
 u - an uncursed ring of protection from cold
 y - an uncursed ring of protection from fire
 G - the amulet "Cegoedad" (around neck) {Reflect rN++ Int+3 Slay+3 SH+5 SInv}
   (You bought it in a shop on level 2 of the Orcish Mines)

   [amulet of reflection]

   It shields you and reflects attacks.
   It affects your intelligence (+3).
   It affects your accuracy and damage with ranged weapons and melee attacks
   (+3).
   It greatly protects you from negative energy.
   It lets you see invisible.
   It affects your SH (+5).
 M - an uncursed ring of protection from cold
Wands
 v - a wand of polymorph (26)
 x - a wand of flame (81)
 z - a wand of enslavement (18)
 A - a wand of disintegration (1)
 I - a wand of iceblast (15)
 L - a wand of digging (15)
Scrolls
 e - 3 scrolls of fog
 g - 11 scrolls of identify
 j - 12 scrolls of remove curse
 k - a scroll of noise
 s - 3 scrolls of vulnerability
 C - 5 scrolls of amnesia
 J - a scroll of magic mapping
Miscellaneous
 B - a lamp of fire (inert)


   Skills:
 * Level 14.0 Fighting
 - Level 14.5 Maces & Flails
 - Level 1.5 Throwing
 - Level 11.4 Armour
 - Level 10.5 Dodging
 - Level 12.8 Stealth
 * Level 9.2 Spellcasting


You had 29 spell levels left.
You knew the following spells:

 Your Spells              Type           Power        Failure   Level  Hunger
a - Swiftness             Chrm/Air       #.......     19%         2    N/A
b - Passwall              Tmut/Erth      #.......     19%         2    N/A

Your spell library contained the following spells:

 Spells                   Type           Power        Failure   Level  Hunger
 Magic Dart               Conj           #...         12%         1    N/A
 Shock                    Conj/Air       #...         12%         1    N/A
 Summon Small Mammal      Summ           #...         12%         1    N/A
 Blink                    Tloc           N/A          19%         2    N/A
 Call Imp                 Summ           #.......     19%         2    N/A
 Searing Ray              Conj           #.....       19%         2    N/A
 Slow                     Hex            #.......     19%         2    N/A
 Call Canine Familiar     Summ           #.......     34%         3    N/A
 Conjure Flame            Conj/Fire      #.......     34%         3    N/A
 Dazzling Spray           Conj/Hex       #.....       34%         3    N/A
 Ignite Poison            Fire/Tmut/Pois #.......     34%         3    N/A
 Mephitic Cloud           Conj/Pois/Air  #.......     34%         3    N/A
 Static Discharge         Conj/Air       #.......     34%         3    N/A
 Summon Guardian Golem    Hex/Summ       #.......     34%         3    N/A
 Airstrike                Air            #.........   75%         4    N/A
 Force Lance              Conj/Tloc      #.......     75%         4    N/A
 Fulminant Prism          Conj/Hex       #.........   75%         4    N/A
 Iskenderun's Mystic Bla  Conj           #.......     75%         4    N/A
 Passage of Golubria      Tloc           N/A          75%         4    N/A
 Petrify                  Tmut/Erth      #.......     75%         4    N/A
 Summon Ice Beast         Ice/Summ       #.......     75%         4    N/A
 Summon Lightning Spire   Summ/Air       #.......     75%         4    N/A
 Alistair's Intoxication  Tmut/Pois      #.......     97%         5    N/A
 Irradiate                Conj/Tmut      #.........   97%         5    N/A
 Lee's Rapid Deconstruct  Erth           #.........   97%         5    N/A
 Lightning Bolt           Conj/Air       #.........   97%         5    N/A
 Metabolic Englaciation   Hex/Ice        #.........   97%         5    N/A
 Silence                  Hex/Air        #.........   97%         5    N/A
 Bolt of Cold             Conj/Ice       #.........   100%        6    N/A
 Conjure Ball Lightning   Conj/Air       #.........   100%        6    N/A
 Darkness                 Hex            #.........   100%        6    N/A
 Deflect Missiles         Chrm/Air       #.........   100%        6    N/A
 Freezing Cloud           Conj/Ice/Air   #.........   100%        6    N/A
 Invisibility             Hex            #.......     100%        6    N/A
 Ozocubu's Refrigeration  Ice            #.........   100%        6    N/A
 Simulacrum               Ice/Necr       ##........   100%        6    N/A
 Tornado                  Air            #.........   100%        9    N/A
 Sublimation of Blood     Necr           Unusable     N/A         2    N/A
 Ice Form                 Ice/Tmut       Unusable     N/A         4    N/A

Dungeon Overview and Level Annotations

Branches:
Dungeon (15/15)            Temple (0/1) D:5            Lair (6/6) D:10
  Swamp (1/4) Lair:4        Snake (2/4) Lair:3        Slime (0/5) Lair:6
    Orc (2/2) D:9             Elf (2/3) Orc:2        Vaults (0/5) D:13
 Depths (0/5) D:15

Altars:
Gozag
Hepliaklqana
Kikubaaqudgha
Okawaru
Ru
Vehumet
Wu Jian
Yredelemnul
Zin

Shops:
D:4 %   D:7 =   D:11 =   D:12 :   D:15 =   Orc:1 }(   Orc:2 [=*:   Elf:1 *
Elf:2 =}=[

Annotations:
D:2 Robin
D:10 3 runed doors, Divine's ghost, journeyman FoCK
Lair:1 exclusion: oklob plant
Lair:3 exclusion: 3 oklob plants


Innate Abilities, Weirdness & Mutations

You do not eat or drink.
Your flesh is vulnerable to fire.
You are immune to poison.
Your flesh is cold resistant. (rC+)
You are immune to negative energy. (rN+++)
You are immune to unholy pain and torment.
You can survive without breathing.
You are in touch with the powers of death.


Message History

The deep elf knight moves out of view.
The deep elf mage moves out of view.
A halberd of flaming comes into view.
Okay, then.
Okay, then.
Okay, then.
Evoke which item? (* to show all) (? for menu, Esc to quit)
Aiming: Enslavement
Press: ? - help, Shift-Dir - straight line, f - halberd of flaming
Aim: a halberd of flaming (magic immune)
Okay, then.
Put on which piece of jewellery? (? for menu, Esc to quit)
Okay, then.
Okay, then.
You slice the halberd of flaming!! You burn the halberd of flaming.
The halberd of flaming is severely damaged.
The helpless deep elf knight fails to defend itself.
You slash the deep elf knight! You burn the deep elf knight.
The halberd of flaming hits you!!
You die...
Your body crumbles into a pile of gold.

#############
###.........(..
#...........(..
##......§.......
#..e..##(.......
#...@#####...e..
#..(## #.....
##...# .....
##...# .e..
#..... ...
....... ...
....(....
.........
##........


You could see a deep elf knight and a halberd of flaming.

Vanquished Creatures
  Frances (D:14)
  A thorn hunter (Swamp:1)
  A frost giant (D:15)
  A deep elf elementalist (Elf:2)
  10 hydras
  2 ogre magi (D:15)
  4 naga warriors
  2 vault guards (D:13)
  An alligator (Swamp:1)
  3 anacondas (Snake:1)
  4 centaur warriors
  11 two-headed ogres
  3 death knights
  5 deep elf knights
  A tengu warrior (D:13)
  A shock serpent (Snake:1)
  3 orc high priests (Orc:2)
  2 naga sharpshooters (Snake:1)
  4 skeletal warriors
  A fire crab (shapeshifter) (D:15)
  7 unseen horrors
  7 deep elf archers
  A naga ritualist (Snake:1)
  3 phantasmal warriors
  35 deep elf magi
  2 necromancers (D:13)
  8 orc knights
  5 orc sorcerers
  5 cyclopes
  10 ugly things
  4 mana vipers (Snake:1)
  A manticore (D:15)
  Maurice (D:10)
  8 elephants
  5 naga magi (Snake:1)
  A centaur zombie (D:14)
  7 rime drakes
  10 black mambas
  10 spiny frogs
  A gargoyle (D:15)
  2 torpor snails
  4 kobold demonologists
  6 centaur skeletons
  A freezing wraith (D:14)
  3 komodo dragons
  2 efreet
  A tengu conjurer (D:15)
  A queen bee (Lair:6)
  3 meliai (Lair:6)
  4 hornets
  9 trolls
  3 tyrant leeches (Swamp:1)
  7 polar bears
  27 blink frogs
  5 slime creatures
  6 hippogriffs
  A centaur simulacrum (D:14)
  13 dream sheep (Lair:6)
  4 shadows
  Sigmund (D:2)
  2 vampires (D:13)
  13 spriggans
  2 air elementals
  2 wraiths
  4 wyverns
  3 basilisks
  20 humans (D:13)
  7 water elementals
  27 yaks
  A golden eye (shapeshifter) (D:13)
  A steam dragon (Lair:3)
  3 hungry ghosts
  2 vampire mosquitoes (D:15)
  A redback simulacrum (D:14)
  A swamp worm (Swamp:1)
  8 nagas
  Edmund (D:4)
  A warg (Orc:1)
  4 insubstantial wisps (Lair:4)
  An acid dragon (D:14)
  11 water moccasins
  25 orc warriors
  6 porcupines
  A swamp drake (Swamp:1)
  6 ice beasts
  A hornet zombie (D:7)
  An eye of draining (D:15)
  10 black bears
  3 phantoms
  7 sky beasts
  5 boggarts (Lair:6)
  4 centaurs
  12 ogres
  3 necrophages
  18 wolves (Lair:6)
  10 crocodiles
  6 big kobolds
  Blork the orc (D:6)
  2 wyvern zombies
  20 bullfrogs
  An earth elemental (Elf:1)
  4 wyvern skeletons
  A scorpion (D:12)
  36 killer bees
  19 wights
  6 howler monkeys
  6 electric eels
  6 crimson imps
  6 jellies
  2 quasits
  2 bullfrog zombies
  2 hounds
  14 orc priests
  16 orc wizards
  4 bullfrog skeletons
  8 worker ants
  2 iguanas
  A hound zombie (D:5)
  2 worker ant zombies
  13 adders
  15 gnolls
  3 shadow imps
  An adder zombie (D:9)
  2 worms
  An adder skeleton (D:8)
  2 dart slugs (D:1)
  4 leopard geckos
  65 orcs
  3 bats
  3 giant cockroaches
  13 goblins
  16 hobgoblins
  8 jackals
  25 kobolds
  6 quokkas
  A ball python (D:3)
  A frilled lizard (D:4)
  2 rats (D:2)
  5 briar patches (Swamp:1)
  2 fungi
  A plant (Lair:6)
881 creatures vanquished.

Vanquished Creatures (collateral kills)
  An elephant (Lair:2)
1 creature vanquished.

Vanquished Creatures (others)
  6 dancing weapons
  3 deep elf magi
  A fire elemental (Elf:1)
  An orc warrior (D:15)
  3 orcs
  12 fungi
  29 plants
55 creatures vanquished.

Grand Total: 937 creatures vanquished

Notes
Turn   | Place    | Note
-------+----------+-------------------------------------------
     0 | D:1      | Muumios the Mummy Gladiator began the quest for the Orb.
     0 | D:1      | Reached XP level 1. HP: 16/16 MP: 1/1
   466 | D:1      | Reached XP level 2. HP: 18/22 MP: 2/2
   746 | D:2      | Noticed Sigmund
   884 | D:2      | Reached XP level 3. HP: 14/28 MP: 3/3
  1408 | D:2      | Killed Sigmund
  1408 | D:2      | Reached XP level 4. HP: 8/36 MP: 4/4
  1408 | D:2      | Reached XP level 5. HP: 9/41 MP: 5/5
  1646 | D:2      | Found an ornate altar of the Wu Jian Council.
  1649 | D:2      | Found a sacrificial altar of Ru.
  1756 | D:2      | Noticed Robin
  2323 | D:4      | Found Morhem's Food Emporium.
  2351 | D:4      | Reached XP level 6. HP: 46/48 MP: 6/6
  2461 | D:4      | Reached skill level 5 in Maces & Flails
  2525 | D:4      | Noticed Edmund
  2545 | D:4      | Killed Edmund
  2551 | D:5      | Entered Level 5 of the Dungeon
  2719 | D:5      | Noticed a sky beast
  2740 | D:5      | Killed a sky beast
  2740 | D:5      | Reached XP level 7. HP: 45/55 MP: 7/7
  2915 | D:5      | Found a radiant altar of Vehumet.
  2919 | D:5      | Found an opulent altar of Gozag.
  3011 | D:5      | Reached skill level 5 in Fighting
  3064 | D:6      | Noticed Blork the orc
  3213 | D:6      | Killed Blork the orc
  3396 | D:6      | Reached XP level 8. HP: 46/63 MP: 8/8
  3908 | D:5      | Found a staircase to the Ecumenical Temple.
  4612 | D:5      | Found a glowing silver altar of Zin.
  4612 | D:5      | Found a hazy altar of Hepliaklqana.
  4615 | D:5      | Found an ancient bone altar of Kikubaaqudgha.
  4619 | D:5      | Became a worshipper of Gozag Ym Sagoz the Greedy
  5123 | D:8      | Noticed a two-headed ogre
  5492 | D:7      | Identified a scroll of acquirement
  5498 | D:7      | Bought the ring "Huokkan" {rCorr rF+ MR+ Str+4} for 720
                  | gold pieces
  5616 | D:5      | Found an iron altar of Okawaru.
  5851 | D:7      | Reached XP level 9. HP: 42/72 MP: 9/9
  6232 | D:8      | Found a glowing silver altar of Zin.
  6942 | D:8      | Killed a two-headed ogre
  7770 | D:9      | Found a staircase to the Orcish Mines.
  7818 | D:9      | Reached skill level 5 in Dodging
  7902 | D:9      | Reached XP level 10. HP: 50/80 MP: 10/10
  8597 | D:7      | Bought the ring "Aggamo Unodd" {Wiz +Blink rElec rN+ Str+4}
                  | for 954 gold pieces
  8640 | D:10     | Entered Level 10 of the Dungeon
  8856 | D:10     | Noticed a cyclops
  8863 | D:10     | Killed a cyclops
  9060 | D:10     | Noticed Maurice
  9114 | D:10     | Killed Maurice
  9159 | D:10     | Noticed Divine's ghost (journeyman FoCK)
  9162 | D:10     | Found a staircase to the Lair.
  9340 | D:10     | Found a runed gate.
  9340 | D:10     | Found a runed gate.
  9340 | D:10     | Found a runed gate.
  9466 | D:10     | Reached skill level 10 in Maces & Flails
  9922 | D:11     | Reached XP level 11. HP: 50/89 MP: 11/11
 10245 | D:11     | Noticed a two-headed ogre
 10318 | Lair:1   | Entered Level 1 of the Lair of Beasts
 10388 | Lair:1   | Noticed a seven-headed hydra
 10393 | Lair:1   | Reached skill level 1 in Armour
 10524 | Lair:1   | Killed a seven-headed hydra
 10661 | Lair:1   | Noticed an oklob plant
 11080 | Lair:1   | Reached skill level 10 in Fighting
 12252 | Lair:2   | Reached skill level 5 in Armour
 12972 | Lair:4   | Got a brightly glowing bone amulet
 12984 | Lair:4   | Identified the amulet of the Forgotten Demons {+Rage MP+9
                  | Str+2} (You found it on level 4 of the Lair of Beasts)
 13169 | Lair:4   | Found a staircase to the Swamp.
 13190 | Lair:4   | Reached XP level 12. HP: 70/99 MP: 12/12
 13455 | Lair:4   | Noticed a seven-headed hydra
 13458 | Lair:4   | Noticed a seven-headed hydra
 13685 | Lair:5   | Noticed a six-headed hydra
 14151 | Orc:1    | Entered Level 1 of the Orcish Mines
 14278 | Orc:1    | Found Fuavosocont's Gadget Boutique.
 15179 | Orc:2    | Entered Level 2 of the Orcish Mines
 15809 | D:11     | Killed a two-headed ogre
 15889 | D:11     | Reached skill level 1 in Spellcasting
 15891 | D:11     | Noticed a two-headed ogre
 15919 | D:11     | Killed a two-headed ogre
 16507 | D:11     | Reached skill level 5 in Spellcasting
 16727 | D:11     | Learned a level 2 spell: Swiftness
 17075 | D:12     | Found Wuanomp's Book Shoppe.
 17214 | D:12     | Found a flagged portal.
 17335 | Bailey   | Entered a bailey
 17398 | Bailey   | Found an iron altar of Okawaru.
 17930 | Bailey   | Got a brightly glowing plate armour
 17931 | Bailey   | Identified the +8 plate armour of the Bard {SInv} (You
                  | found it in a bailey)
 17958 | Bailey   | Got a shimmering hand axe
 17980 | Bailey   | Identified the +7 hand axe of the Last Stars {flame, rPois
                  | rC+ Str+2} (You found it in a bailey)
 18125 | Bailey   | Gained mutation: You are in touch with the powers of death.
                  | [Mummy growth]
 18125 | Bailey   | Reached XP level 13. HP: 86/107 MP: 22/22
 18339 | D:11     | Bought the ring "Sonezxie" {rF+ Str+4 Dex-4 SInv} for 464
                  | gold pieces
 20009 | D:11     | Bought the ring "Gig Gaxo" {+Blink rElec rF+ MR+} for 825
                  | gold pieces
 20116 | Lair:3   | Found a staircase to the Snake Pit.
 22445 | Lair:5   | Reached XP level 14. HP: 99/116 MP: 23/23
 23144 | Lair:6   | Entered Level 6 of the Lair of Beasts
 23190 | Lair:6   | Found a staircase to the Slime Pits.
 23375 | Lair:6   | Reached skill level 10 in Dodging
 23940 | Lair:6   | Got a pitted arbalest
 23941 | Lair:6   | Identified the +8 arbalest of the Other Side {venom, Dex+5}
                  | (You found it on level 6 of the Lair of Beasts)
 24617 | Lair:6   | Reached skill level 10 in Armour
 24992 | Lair:6   | Learned a level 2 spell: Passwall
 25336 | Orc:2    | Reached skill level 1 in Stealth
 26034 | Orc:2    | Found a staircase to the Elven Halls.
 26444 | Orc:2    | Found Ximiappo's Assorted Antiques.
 26444 | Orc:2    | Found Etzom's Book Boutique.
 26446 | Orc:2    | Found Kigid's Antique Armour Shoppe.
 26446 | Orc:2    | Found Weujof's Jewellery Boutique.
 26457 | Orc:2    | Bought a pair of gloves for 144 gold pieces
 26464 | Orc:2    | Bought the amulet "Cegoedad" {Reflect rN++ Int+3 Slay+3
                  | SH+5 SInv} for 1308 gold pieces
 26468 | Orc:2    | Bought an ancient ring mail for 288 gold pieces
 26478 | Orc:2    | Identified the +0 ring mail "Tyommois" {Str-5 Dex+3} (You
                  | bought it in a shop on level 2 of the Orcish Mines)
 26637 | D:13     | Found a basalt altar of Yredelemnul.
 26695 | D:13     | Reached skill level 5 in Stealth
 26863 | D:13     | Reached XP level 15. HP: 114/123 MP: 24/24
 27100 | D:13     | Found a gate to the Vaults.
 28285 | D:14     | Noticed Frances
 28299 | D:14     | Killed Frances
 28299 | D:14     | Reached skill level 10 in Stealth
 28785 | D:15     | Entered Level 15 of the Dungeon
 29219 | D:15     | Noticed a frost giant
 30248 | D:15     | Killed a frost giant
 30377 | D:15     | Found a staircase to the Depths.
 30786 | D:5      | Got an ancient leather armour
 30787 | D:5      | Identified the cursed +1 leather armour of Iliczut {rPois
                  | rF+ MR++} (You took it off an orc priest on level 5 of the
                  | Dungeon)
 30969 | Swamp:1  | Entered Level 1 of the Swamp
 30969 | Swamp:1  | Noticed a thorn hunter
 30986 | Swamp:1  | Killed a thorn hunter
 31168 | Swamp:1  | Reached XP level 16. HP: 117/130 MP: 25/25
 31794 | Snake:1  | Entered Level 1 of the Snake Pit
 32293 | Snake:1  | Got a pair of steaming gloves
 32294 | Snake:1  | Identified the +1 pair of gloves of Wrong Decisions {rN+
                  | MR+ Regen+} (You found it on level 1 of the Snake Pit)
 33125 | Elf:1    | Entered Level 1 of the Elven Halls
 33199 | Elf:1    | Found a radiant altar of Vehumet.
 33575 | Elf:1    | Found Wompol's General Store.
 35214 | Elf:2    | Found Risup's Gadget Shoppe.
 35215 | Elf:2    | Found Jootang's Jewellery Boutique.
 35215 | Elf:2    | Found Qoerirhu's Jewellery Boutique.
 35229 | Elf:2    | HP: 3/133 [deep elf archer/uncursed short sword (17)]
 35251 | Elf:2    | Slain by a halberd of flaming

Skill      XL: |  1  2  3  4  5  6  7  8  9 10 11 12 13 14 15 16 |
---------------+-------------------------------------------------+-----
Maces & Flails | 3 4 5 6 8 9 10 11 12 13 14 | 14.5
Fighting       | 3 4 5 7 8 9 10 11 12 13 14 | 14.0
Dodging        | 5 7 9 10 | 10.5
Armour         | 5 7 9 10 11 | 11.4
Spellcasting   | 6 9 |  9.2
Stealth        | 5 12 | 12.8
Throwing       | |  1.5

Action                   |  1- 3 |  4- 6 |  7- 9 | 10-12 | 13-15 | 16-18 || total
-------------------------+-------+-------+-------+-------+-------+-------++-------
Melee: Flail             |    85 |    76 |   404 |   821 |   814 |   105 ||  2305
       Hand axe          |       |       |       |    29 |   903 |   483 ||  1415
 Fire: Blowgun           |       |       |       |     3 |     9 |       ||    12
Throw: Throwing net      |     7 |       |       |     1 |       |       ||     8
Invok: Call Merchant     |       |       |     1 |     2 |     1 |     1 ||     5
       Potion Petition   |       |       |     1 |     1 |     3 |       ||     5
 Abil: Evoke Blink       |       |       |       |       |       |     2 ||     2
Evoke: Wand              |       |     6 |    10 |    18 |    28 |     1 ||    63
       Lamp of fire      |       |       |       |       |     3 |     3 ||     6
  Use: Scroll            |     4 |     4 |    17 |    14 |    15 |    14 ||    68
 Stab: Held in net/web   |     1 |       |       |     2 |       |       ||     3
       Sleeping          |       |     1 |       |     1 |       |     6 ||     8
       Distracted        |       |       |     1 |     6 |     6 |     7 ||    20
       Confused          |       |       |       |       |     6 |       ||     6
Armor: Leather armour    |    22 |    29 |   128 |   216 |       |    72 ||   467
       Plate armour      |       |       |       |    10 |  1088 |   127 ||  1225
Dodge: Dodged            |    45 |    52 |   264 |   648 |   937 |   265 ||  2211
Block: Other             |       |       |       |       |    93 |    92 ||   185
       Reflection        |       |       |       |       |     7 |     5 ||    12
